 Dungeon Crawl Stone Soup version 0.29-a0-1047-g7c58e119a4 (webtiles) character file.

Game seed: 6148706099936637960

30783 Zeldest the Summoner (level 13, -7/124 HPs)
             Began as a Naga Summoner on Aug 16, 2022.
             Was a High Priest of Cheibriados.
             Mangled by a five-headed hydra (12 damage)
             ... on level 5 of the Lair of Beasts.
             The game lasted 01:13:21 (6802 turns).

Zeldest the Summoner (Naga Summoner)                Turns: 6802, Time: 01:13:21

Health: -7/124     AC: 18    Str: 30    XL:     13   Next: 53%
Magic:  4/25       EV: 10    Int: 30    God:    Cheibriados [*****.]
Gold:   1085       SH:  0    Dex: 25    Spells: 3/28 levels left

rFire   + . .      SeeInvis +   a - staff of conjuration
rCold   . . .      Faith    .   (no shield)
rNeg    + + .      Spirit   .   M - +0 steam dragon scales
rPois   +          Reflect  .   h - +1 helmet
rElec   .          Harm     .   j - +0 cloak
rCorr   +          Rampage  .   D - +0 pair of gloves of Hopscotch {rN+ rCorr}
Will    +....                   J - +0 barding
Stlth   +++.......              (no amulet)
HPRegen 0.30/turn               q - ring of wizardry
MPRegen 0.19/turn               y - ring of Zeezodet {rF+ rN+ AC+4 Str+5 Int-2}

@: brilliant, very slightly contaminated, very slow
A: AC +4, large, see invisible, deformed body, poison resistance, slowness 2,
spit poison 1, naga tail 2
a: Spit Poison, Renounce Religion, Bend Time, Temporal Distortion, Slouch, Step
From Time


You were on level 5 of the Lair of Beasts.
You worshipped Cheibriados.
Cheibriados was extremely pleased with you.
You visited 3 branches of the dungeon, and saw 15 of its levels.
You also visited: Sewer, Ossuary and Volcano.

You collected 1085 gold pieces.

Inventory:

Hand Weapons
 b - a +0 scimitar of flaming
Missiles
 k - a throwing net
Armour
 h - a +1 helmet (worn)
 j - a +0 cloak (worn)
 D - the +0 pair of gloves of Hopscotch (worn) {rN+ rCorr}
   (You found it on level 4 of the Dungeon)

   rN:        It protects you from negative energy.
   rCorr:     It protects you from acid and corrosion.
 J - a +0 barding (worn)
 M - +0 steam dragon scales (worn)
Magical Staves
 a - a staff of conjuration (weapon)
Jewellery
 q - a ring of wizardry (left hand)
 y - the ring of Zeezodet (right hand) {rF+ rN+ AC+4 Str+5 Int-2}
   (You found it in an ossuary)

   [ring of protection]

   AC:        It affects your AC (+4).
   Str:       It affects your strength (+5).
   Int:       It affects your intelligence (-2).
   rF:        It protects you from fire.
   rN:        It protects you from negative energy.
Wands
 w - a wand of paralysis (2)
 F - a wand of roots (8)
Scrolls
 n - 2 scrolls of noise
 t - 2 scrolls of vulnerability
 v - 3 scrolls of magic mapping
 A - 2 scrolls of enchant armour
 K - a scroll of brand weapon
Potions
 g - 4 potions of attraction
 l - 6 potions of might
 x - a potion of flight
 C - 4 potions of mutation
 E - 3 potions of lignification
Miscellaneous
 O - a lightning rod (4/4)
 P - a phial of floods (inert)


   Skills:
 - Level 10.7 Fighting
 - Level 3.6 Dodging
 - Level 3.0 Stealth
 - Level 8.0 Spellcasting
 * Level 7.9 Conjurations
 - Level 10.8 Summonings
 - Level 3.0 Translocations
 + Level 6.1 Fire Magic
 + Level 5.1 Air Magic
 + Level 9.5 Invocations
 - Level 3.4 Evocations


You had 3 spell levels left.
You knew the following spells:

 Your Spells              Type           Power      Damage    Failure   Level
a - Passage of Golubria   Tloc           45%        N/A       4%          4
b - Conjure Ball Lightni  Conj/Air       43%        3x3d15    17%         6
c - Call Canine Familiar  Summ           86%        N/A       1%          3
d - Summon Guardian Gole  Hex/Summ       61%        N/A       1%          3
e - Summon Lightning Spi  Summ/Air       74%        N/A       1%          4
f - Fireball              Conj/Fire      44%        3d18      2%          5

Your spell library contained the following spells:

 Spells                   Type           Power      Damage    Failure   Level
 Magic Dart               Conj           100%       1d8       1%          1
 Summon Small Mammal      Summ           100%       N/A       1%          1
 Call Imp                 Summ           86%        N/A       1%          2
 Searing Ray              Conj           100%       2d8       1%          2
 Static Discharge         Conj/Air       86%        3-14/arc  1%          2
 Conjure Flame            Conj/Fire      89%        6-21      1%          3
 Ignite Poison            Fire/Tmut/Pois 36%        N/A       2%          3
 Sticky Flame             Conj/Fire      89%        2d10      1%          4
 Iskenderun's Battlesphe  Conj           93%        2d14      1%          5
 Fulminant Prism          Conj/Hex       34%        3d16      3%          4
 Silence                  Hex/Air        20%        N/A       16%         5
 Orb of Destruction       Conj           46%        9d12      47%         7
 Ignition                 Fire           32%        3d10      100%        8
 Lehudib's Crystal Spear  Conj/Erth      34%        10d9      100%        8
 Chain Lightning          Conj/Air       43%        3d57      100%        9


Dungeon Overview and Level Annotations

Branches:
Dungeon (9/15)             Temple (1/1) D:6            Lair (5/5) D:8
 Shoals (0/4) Lair:3       Spider (0/4) Lair:3        Sewer (visited)
Ossuary (visited)         Volcano (visited)
  Slime: Lair:4-5       Orc: D:9-12

Altars:
Ashenzari
Cheibriados
Dithmenos
Fedhas
Makhleb
Qazlal
Ru
Sif Muna
Uskayaw
Vehumet
Wu Jian
Zin

Shops:
D:6 *

Annotations:
Lair:4 2 transporters, jejorda2's ghost, journeyman PaBe


Innate Abilities, Weirdness & Mutations

Your serpentine skin is tough. (AC +4)
You have supernaturally acute eyesight. (SInv)
Armour fits poorly on your strangely shaped body.
Your system is resistant to poisons. (rPois)
You cover ground very slowly.
You can spit poison.
You can use your snake-like lower body to constrict enemies.


Message History

The five-headed hydra barely misses you.
The five-headed hydra bites you.
* * * LOW HITPOINT WARNING * * *
Casting: Fireball (dangerous; 2% risk of failure)
Confirm with . or Enter, or press ? or * to list all spells.
Aiming: Fireball (dangerous; 2% risk of failure)
Press: ? - help, Shift-Dir - straight line
Okay, then.
Casting: Fireball (dangerous; 2% risk of failure)
Confirm with . or Enter, or press ? or * to list all spells.
Aiming: Fireball (dangerous; 2% risk of failure)
Press: ? - help, Shift-Dir - straight line
Okay, then.
Okay, then.
Aiming: Fastroot
Press: ? - help, Shift-Dir - straight line The roots erupt in riotous growth!
Roots grab the five-headed hydra.
Roots grab the death yak.
The grasping roots constrict the five-headed hydra!
The grasping roots constrict the death yak.
The death yak gores you!
* * * LOW HITPOINT WARNING * * *
The five-headed hydra closely misses you.
The five-headed hydra bites you.
* * * LOW HITPOINT WARNING * * *
The five-headed hydra bites you but does no damage.
The five-headed hydra closely misses you.
The five-headed hydra bites you but does no damage.
The grasping roots constrict the five-headed hydra!!
The grasping roots constrict the death yak.
The roots release their grip on the five-headed hydra.
The roots release their grip on the death yak.
The death yak gores you!
* * * LOW HITPOINT WARNING * * *
The five-headed hydra bites you.
* * * LOW HITPOINT WARNING * * *
The five-headed hydra bites you but does no damage. x2
The five-headed hydra barely misses you.
The five-headed hydra bites you!
You die...

##.##.....#........
#P..........#.....#
#..................
##...............#.
#...........#....<.
##.......<...#####.
#............##
##.......YD..###
##......@.....#
#...............
#.............##
.............###
#.......P....#
#.....#PP#...#
#.########### ##


You could see a death yak and a five-headed hydra.

Vanquished Creatures
  2 elephants
  Maggie (Lair:1)
  A cane toad (Lair:2)
  4 rime drakes (Lair:3)
  A komodo dragon (Lair:2)
  A blink frog (Lair:4)
  2 fire bats (Volcano)
  5 yaks
  4 steam dragons
  A water moccasin (Lair:5)
  An ogre (D:5)
  4 centaurs
  2 wolves (Lair:5)
  2 bullfrogs
  A scorpion (Ossuary)
  A howler monkey (D:5)
  4 centaur zombies (Ossuary)
  A jelly (D:4)
  An orc priest (D:8)
  A hound (D:4)
  A mummy (Ossuary)
  5 adders
  A nameless horror (D:5)
  An ufetubus (D:6)
  2 endoplasms
  2 goblins
  3 quokkas
  3 ball pythons
  A bat (D:3)
  3 frilled lizards
  A goblin zombie (Ossuary)
  4 kobolds
  4 rats
71 creatures vanquished.

Vanquished Creatures (collateral kills)
  2 death yaks
  3 elephants
  4 black mambas
  A torpor snail (Lair:4)
  7 cane toads
  Psyche (D:8)
  5 rime drakes
  A komodo dragon (D:8)
  3 wind drakes (Lair:5)
  A snapping turtle (Lair:5)
  6 blink frogs
  3 jumping spiders (Lair:3)
  2 fire bats (Volcano)
  3 wyverns
  19 yaks
  Eustachio (D:6)
  9 steam dragons (Lair:3)
  2 basilisks
  An acid dragon (D:6)
  9 water moccasins
  3 orc warriors
  3 ice beasts
  2 wolves (Lair:5)
  A centaur (Lair:3)
  2 phantoms (D:5)
  2 kobold brigands
  9 bullfrogs
  8 scorpions
  7 wights
  A howler monkey (D:6)
  A lava snake (Volcano)
  3 centaur zombies (Ossuary)
  4 jellies
  A hound (D:5)
  2 gnoll boudas (D:7)
  3 human zombies (Ossuary)
  4 hell rats (Lair:1)
  6 iguanas
  5 orc wizards
  3 scorpion zombies (Ossuary)
  2 mummies (Ossuary)
  13 gnolls
  4 adders
  A shadow imp (D:8)
  An ufetubus (D:6)
  5 worms
  22 orcs
  3 bats
  13 endoplasms
  9 giant cockroaches
  2 goblins
  3 hobgoblins (D:2)
  A jackal (D:4)
  14 kobolds
  12 quokkas
  13 ball pythons
  8 frilled lizards
  2 goblin zombies (Ossuary)
  3 hobgoblin zombies (Ossuary)
  2 kobold zombies (Ossuary)
  6 rats
  A butterfly (Lair:1)
293 creatures vanquished.

Vanquished Creatures (others)
  A catoblepas (Lair:5)
  A death yak (Lair:5)
  An oklob plant (Lair:3)
  5 elephants
  2 cane toads (Lair:1)
  A komodo dragon (Lair:2)
  2 blink frogs (Lair:4)
  A wyvern (Lair:1)
  4 yaks
  3 steam dragons (Lair:3)
  Edmund (D:6)
  A water moccasin (Lair:1)
  A centaur (D:7)
  A wight (D:8)
  An iguana (D:5)
  3 hell rats (Lair:1)
  An adder (D:5)
  16 fungi
  55 plants
101 creatures vanquished.

Grand Total: 465 creatures vanquished

Notes
Turn   | Place    | Note
-------+----------+-------------------------------------------
     0 | D:1      | Zeldest the Naga Summoner began the quest for the Orb.
     0 | D:1      | Reached XP level 1. HP: 15/15 MP: 3/3
   155 | D:1      | Reached XP level 2. HP: 22/24 MP: 0/5
   158 | D:1      | Learned a level 2 spell: Call Imp
   219 | D:1      | Reached skill level 1 in Fighting
   381 | D:2      | Reached XP level 3. HP: 12/31 MP: 1/6
   444 | D:2      | Reached XP level 4. HP: 23/39 MP: 4/8
   473 | D:2      | Learned a level 3 spell: Call Canine Familiar
   952 | D:4      | Found a sand-covered staircase.
   957 | Ossuary  | Entered an ossuary
   972 | Ossuary  | Reached XP level 5. HP: 42/46 MP: 1/9
   980 | Ossuary  | Reached skill level 5 in Summonings
  1005 | Ossuary  | Reached XP level 6. HP: 35/56 MP: 3/11
  1120 | Ossuary  | Learned a level 3 spell: Summon Guardian Golem
  1126 | Ossuary  | Reached XP level 7. HP: 16/63 MP: 5/13
  1178 | Ossuary  | Learned a level 4 spell: Summon Lightning Spire
  1321 | Ossuary  | Reached skill level 5 in Spellcasting
  1321 | Ossuary  | Reached XP level 8. HP: 55/73 MP: 4/15
  1328 | Ossuary  | Identified the ring of Zeezodet {rF+ rN+ AC+4 Str+5 Int-2}
  1369 | Ossuary  | Reached skill level 5 in Fighting
  1522 | D:4      | Identified the +0 pair of gloves of Hopscotch {rN+ rCorr}
  1798 | D:5      | Entered Level 5 of the Dungeon
  2103 | D:5      | Reached XP level 9. HP: 40/82 MP: 16/18
  2463 | D:6      | Noticed Edmund
  2475 | D:6      | Killed Edmund
  2496 | D:6      | Noticed Eustachio
  2505 | D:6      | Killed Eustachio
  2570 | D:6      | Found a glowing drain.
  2595 | Sewer    | Entered a sewer
  2856 | D:6      | Found a faded altar of an unknown god.
  2856 | D:6      | Found a shimmering blue altar of Sif Muna.
  2909 | D:6      | Found a shadowy altar of Dithmenos.
  2911 | D:6      | Found a blossoming altar of Fedhas.
  2912 | D:6      | Found a faded altar of an unknown god.
  2940 | D:6      | Found Taddo's Overcharged Wands.
  2958 | D:6      | Found a staircase to the Ecumenical Temple.
  2967 | Temple   | Entered the Ecumenical Temple
  2994 | Temple   | Became a worshipper of Cheibriados the Contemplative
  3201 | D:7      | Reached skill level 1 in Invocations
  3410 | D:7      | Reached XP level 10. HP: 96/96 MP: 17/20
  3492 | D:7      | Reached * piety under Cheibriados
  3674 | D:8      | Reached ** piety under Cheibriados
  3696 | D:8      | Noticed Psyche
  3706 | D:8      | Killed Psyche
  3820 | D:8      | Reached skill level 1 in Evocations
  3941 | D:8      | Found a staircase to the Lair.
  3955 | Lair:1   | Entered Level 1 of the Lair of Beasts
  3964 | Lair:1   | Reached skill level 5 in Invocations
  3966 | Lair:1   | Reached skill level 10 in Summonings
  3996 | Lair:1   | Noticed a black mamba
  4015 | Lair:1   | Killed a black mamba
  4048 | Lair:1   | Reached XP level 11. HP: 72/106 MP: 14/21
  4051 | Lair:1   | Found a dark tunnel.
  4060 | Volcano  | Entered a volcano
  4102 | Volcano  | Reached *** piety under Cheibriados
  4352 | Lair:1   | Noticed Maggie
  4353 | Lair:1   | Reached **** piety under Cheibriados
  4359 | Lair:1   | Killed Maggie
  4362 | Lair:1   | HP: 1/107 [rime drake/flash freeze (18)]
  4707 | Lair:2   | Got the Encyclopedia of Striking and Incandescence
  4737 | Lair:2   | Reached skill level 10 in Fighting
  4738 | Lair:2   | Reached skill level 1 in Fire Magic
  4832 | Lair:2   | Learned a level 4 spell: Passage of Golubria
  5122 | Lair:3   | Reached skill level 1 in Conjurations
  5129 | Lair:3   | Noticed an oklob plant
  5137 | Lair:3   | Killed an oklob plant
  5173 | Lair:2   | Reached skill level 1 in Translocations
  5176 | Lair:2   | Reached skill level 1 in Air Magic
  5176 | Lair:2   | Reached XP level 12. HP: 62/117 MP: 19/22
  5452 | Lair:3   | Reached ***** piety under Cheibriados
  5539 | Lair:3   | Learned a level 5 spell: Fireball
  5831 | Lair:3   | Found a hole to the Spider Nest.
  5833 | Lair:3   | Paralysed by a centaur for 5 turns
  5849 | Lair:3   | Reached skill level 5 in Conjurations
  5916 | Lair:3   | Found a staircase to the Shoals.
  6099 | Lair:4   | Reached skill level 5 in Fire Magic
  6111 | Lair:4   | Found a transporter.
  6122 | Lair:4   | Gained mutation: You can use your snake-like lower body to
                  | constrict enemies. [Naga growth]
  6122 | Lair:4   | Reached XP level 13. HP: 124/124 MP: 9/24
  6139 | Lair:4   | Found a transporter.
  6139 | Lair:4   | Noticed jejorda2's ghost (journeyman PaBe)
  6452 | Lair:5   | Entered Level 5 of the Lair of Beasts
  6470 | Lair:5   | Reached ****** piety under Cheibriados
  6603 | Lair:5   | Learned a level 6 spell: Conjure Ball Lightning
  6627 | Lair:5   | Reached skill level 5 in Air Magic
  6802 | Lair:5   | HP: 5/124 [five-headed hydra (2)]
  6802 | Lair:5   | Mangled by a five-headed hydra

Illustrated notes

Levels and vault maps discovered:
D:1:      dpeg_arrival_arbitrary_c, layout_rooms
D:2:      layout_rooms, dreamdust_ecumenical_altar_hidden_monk_grotto,
          nrook_mini_vaults, minmay_heptomino_w4
D:3:      layout_loops_ring, serial_bayou_crossing
D:4:      layout_rooms, nicolae_ossuary_entry_false_entrances,
          serial_corexii_hall, corexii_hall_statues_i, corexii_hall_statues_x,
          chequers_hall_statues_corner_a, corexii_hall_statues_t,
          kennysheep_generic_room_7
D:5:      minmay_recursive_quarters, layout_basic,
          hangedman_abyss_or_decor_stagger, minivault_25, chequers_big_river
D:6:      layout_basic, chequers_temple_overflow_minitemple,
          minmay_temple_entry_drinking_statues, gup_sewer_entry_pipe,
          nicolae_shop_overcharged_wands, uniq_edmund, uniq_eustachio
D:7:      layout_gridville
D:8:      layout_basic, david_lair_shrubbed, uniq_joseph, uniq_psyche
D:9:      layout_long_grid, gammafunk_ghost_stat_death, minmay_three_doors
Temple:   regret_index_temple_mists
Lair:1:   layout_chaotic_city, enter_volcano_1, nicolae_lair_lil_pond,
          cheibrodos_lair_caveside_slide, infiniplex_staircase_pool_2,
          grunt_megastairs_4, lemuel_fruit_fields, lemuel_fruit_fields,
          uniq_maggie
Lair:2:   layout_cave_pods, serial_forest, infiniplex_forest_lined_room_3,
          infiniplex_forest_lined_3, infiniplex_forest_pool,
          infiniplex_forest_straight_3, infiniplex_forest_lined_2,
          infiniplex_forest_straight_1
Lair:3:   layout_cave_pods, minmay_shoals_entry_centaurs, spider_nest_entry_a,
          bobbens_dragon_lair_wall
Lair:4:   beast_lair_carwin_large_2, layout_cave_pods, gammafunk_ghost_arena,
          grunt_megastairs_5, infiniplex_staircase_pool
Lair:5:   gammafunk_lair_ancient_temple, layout_gridlike,
          nicolae_slime_entry_slimehenge

Skill      XL: |  1  2  3  4  5  6  7  8  9 10 11 12 13 |
---------------+----------------------------------------+-----
Fighting       | 1 2 3 4 6 7 9 10 | 10.7
Spellcasting   | 3 4 5 6 7 8 |  8.0
Summonings     | 5 6 7 9 10 | 10.8
Invocations    | 2 5 7 8 9 |  9.5
Evocations     | 3 |  3.4
Dodging        | 2 3 |  3.6
Fire Magic     | 3 5 6 |  6.1
Conjurations   | 2 6 7 |  7.9
Translocations | 1 3 |  3.0
Air Magic      | 1 3 5 |  5.1
Stealth        | |  3.0

Action                   |  1- 3 |  4- 6 |  7- 9 | 10-12 | 13-15 || total
-------------------------+-------+-------+-------+-------+-------++-------
Melee: Unarmed           |     2 |       |       |       |       ||     2
       Dagger            |    12 |    63 |   132 |   105 |       ||   312
       Punch             |       |     1 |     1 |     2 |       ||     4
       Staff             |       |       |       |     9 |     3 ||    12
       Constrict         |       |       |       |       |     1 ||     1
 Cast: Summon Small Mamm |    18 |    16 |     5 |     4 |       ||    43
       Call Imp          |     3 |    10 |    16 |     6 |       ||    35
       Call Canine Famil |       |    12 |    34 |    53 |    11 ||   110
       Summon Guardian G |       |     1 |     6 |    28 |     6 ||    41
       Summon Lightning  |       |       |    21 |    44 |    16 ||    81
       Passage of Golubr |       |       |       |     9 |       ||     9
       Fireball          |       |       |       |     6 |     7 ||    13
Invok: Bend Time         |       |       |       |     1 |       ||     1
       Step From Time    |       |       |       |       |     2 ||     2
 Abil: Spit Poison       |    21 |     6 |     6 |     4 |       ||    37
Evoke: Wand              |       |       |       |    25 |     9 ||    34
       Phial of floods   |       |       |       |       |     1 ||     1
  Use: Scroll            |       |     2 |     2 |    25 |     3 ||    32
       Potion            |       |     2 |     1 |     5 |     8 ||    16
 Stab: Distracted        |       |     1 |     4 |     2 |       ||     7
       Sleeping          |       |       |     3 |     1 |       ||     4
Armor: Robe              |     6 |    37 |    96 |    49 |       ||   188
       Steam dragon scal |       |       |       |   107 |    57 ||   164
Dodge: Dodged            |    24 |    59 |   109 |   126 |    51 ||   369

Table legend: (Time is in decaauts)
 A = Elapsed time spent in this place.
 B = Non-inter-level travel time spent in this place.
 C = Inter-level travel time spent in this place.
 D = Time resting spent in this place.
 E = Time spent auto-exploring this place.
 F = Levels seen in this place.
 G = Mean time per level.
                   A        B        C        D        E       F      G
               +--------+--------+--------+--------+--------+-----+--------+
         Total |  12171 |  11269 |    902 |      0 |      0 |  18 |  676.2 |
       Dungeon |   4714 |   4618 |     96 |      0 |      0 |   9 |  523.8 |
        Temple |    108 |    108 |      0 |      0 |      0 |   1 |  108.0 |
          Lair |   6173 |   5367 |    806 |      0 |      0 |   5 | 1234.6 |
         Sewer |    306 |    306 |      0 |      0 |      0 |   1 |  306.0 |
       Ossuary |    634 |    634 |      0 |      0 |      0 |   1 |  634.0 |
       Volcano |    234 |    234 |      0 |      0 |      0 |   1 |  234.0 |
               +--------+--------+--------+--------+--------+-----+--------+

Top non-repeatable levels by time:
  Lair:3: 1616 daAuts
  Lair:4: 1588 daAuts
  Lair:1: 1389 daAuts
  Lair:2: 1346 daAuts
     D:6: 740 daAuts
     D:7: 730 daAuts
     D:5: 690 daAuts
     D:4: 672 daAuts
     D:8: 635 daAuts
 Ossuary: 634 daAuts
     D:1: 429 daAuts
     D:3: 418 daAuts
     D:2: 377 daAuts
   Sewer: 306 daAuts
 Volcano: 234 daAuts
